Map: Para-cité EC

Players

dugonghina

  • Race: Zerg Zerg
  • League: Gold
  • Spawn Location: 11:00

zidar - Winner!

  • Race: Zerg Zerg
  • League: Gold
  • Spawn Location: 5:00

VOD

Have the link to the VOD?

Description

Time

  • Played on: Jan. 5, 2019, 11:35 a.m.
  • Length: 17:18
Show
View Real Time Build Order
Export as new Build Order

dugonghina Zerg 

Build Orders: Pool First 

Get SALT Encoding   

  12  0:17  Drone  
  12  0:18  Drone  
  14  0:37  Overlord  
  14  0:38  Spawning Pool  
  13  0:46  Drone  
  14  0:52  Extractor, Drone  
  14  0:55  Drone  
  15  1:01  Drone  
  16  1:12  Drone  
  17  1:30  Hatchery  
  17  1:31  Queen  
  18  1:35  Zergling x2  
  18  1:39  Zergling x2  
  20  1:51  Zergling x2  
  21  2:15  Zergling x2  
  22  2:17  Overlord  
  22  2:35  Queen  
  24  2:38  Drone x3  
  24  2:43  Zergling x6  
  30  2:45  Metabolic Boost  
  30  2:53  Queen  
  30  2:56  Drone  
  33  3:00  Drone  
  33  3:06  Zergling x2  
  28  3:24  Zergling x4  
  28  3:25  Zergling x8  
  33  3:45  Zergling x4  
  35  4:02  Lair  
  35  4:03  Overlord  
  35  4:27  Zergling x10  
  35  4:28  Zergling x6  
  35  4:30  Overlord x2  
  43  4:50  Drone x3  
  43  4:51  Drone x2  
  48  4:58  Drone  
  48  4:59  Extractor  
  48  5:06  Baneling Nest  
  47  5:09  Roach Warren  
  47  5:10  Drone  
  47  5:11  Drone x2  
  47  5:13  Hydralisk Den  
  48  5:29  Drone x2  
  48  5:30  Drone x4  
  54  5:36  Drone x2  
  54  5:37  Drone  
  54  5:39  Overlord  
  54  5:40  Overlord  
  57  5:43  Overlord  
  57  5:50  Glial Reconstitution  
  59  5:57  Roach  
  59  6:02  Roach x2  
  59  6:03  Roach x2  
  67  6:05  Roach  
  67  6:09  Grooved Spines  
  69  6:14  Extractor  
  69  6:15  Drone  
  69  6:52  Roach x2  
  69  6:53  Roach x3, Hydralisk x3  
  71  7:41  Drone x3  
  74  7:46  Hydralisk x4  
  82  8:08  Hatchery, Evolution Chamber  
  82  8:11  Evolution Chamber  
  79  8:13  Hatchery  
  79  8:14  Infestation Pit  
  79  8:16  Zergling x12  
  79  8:19  Overlord  
  83  8:20  Overlord  
  83  8:22  Overseer x3  
  83  8:23  Overseer x2  
  83  8:31  Extractor  
  82  8:37  Queen  
  84  8:42  Drone x2  
  86  8:52  Hive  
  86  8:53  Zerg Missile Weapons Level 1  
  86  9:04  Drone  
  86  9:05  Drone x4  
  91  9:12  Zerg Melee Weapons Level 1  
  91  9:22  Overlord  
  91  9:23  Overlord x4  
  91  9:34  Drone  
  91  9:35  Drone  
  93  9:44  Spore Crawler  
  92  9:48  Spore Crawler  
  92  9:50  Spore Crawler  
  92  9:51  Spore Crawler  
  89  9:58  Spore Crawler  
  86  10:32  Queen  
  86  10:33  Drone  
  86  10:34  Drone x2  
  91  10:38  Hydralisk  
  91  10:39  Hydralisk x6  
  91  10:40  Hydralisk x5  
  115  10:47  Spore Crawler, Zerg Ground Armor Level 1  
  114  10:51  Spore Crawler  
  113  11:00  Drone x2  
  113  11:01  Drone  
  116  11:35  Spore Crawler  
  116  11:37  Spore Crawler, Drone  
  116  11:38  Drone x2  
  117  11:40  Overlord  
  117  11:41  Overlord x3  
  117  11:42  Overlord x4  
  117  11:51  Spore Crawler  
  116  11:56  Spore Crawler  
  116  12:01  Zerg Missile Weapons Level 2  
  115  12:06  Adrenal Glands  
  115  12:11  Drone x2  
  115  12:12  Drone  
  118  12:40  Hydralisk x3  
  118  12:41  Hydralisk x4, Zerg Melee Weapons Level 2  
  132  12:56  Spore Crawler  
  131  13:02  Spore Crawler  
  131  13:05  Drone x3  
  133  13:28  Ravager x5  
  133  13:33  Zergling x2  
  133  13:34  Zergling x28  
  150  13:51  Drone  
  150  13:52  Drone x2  
  153  14:02  Spine Crawler  
  152  14:04  Drone x4  
  152  14:05  Drone x3  
  159  14:13  Spore Crawler  
  159  14:15  Drone x2  
  159  14:16  Drone x2  
  162  14:22  Zerg Missile Weapons Level 3  
  162  14:27  Zergling x2  
  162  14:28  Zergling x12  
  162  14:29  Zergling x4  
  171  14:49  Hydralisk x4  
  171  14:50  Hydralisk x3  
  171  14:51  Hydralisk  
  187  14:56  Zerg Ground Armor Level 2  
  187  15:12  Spire  
  169  15:22  Ultralisk Cavern  
  163  15:30  Zergling x22  
  163  15:31  Zergling x20  
  184  15:41  Extractor  
  183  15:45  Extractor  
  182  15:56  Extractor, Drone x2  
  183  16:03  Extractor  
  182  16:09  Drone x3  
  184  16:11  Drone x3  
  187  16:21  Zergling x8  
  187  16:22  Zergling x16  
Show
View Real Time Build Order
Export as new Build Order

zidar Zerg - Winner!

Build Orders: 1 Base Baneling Bust, Pool First 

Get SALT Encoding   

  12  0:01  Drone  
  13  0:09  Drone  
  14  0:14  Extractor  
  14  0:15  Drone  
  14  0:35  Spawning Pool  
  13  0:39  Drone  
  14  0:49  Overlord  
  14  1:21  Queen  
  14  1:23  Zergling x2  
  14  1:24  Zergling x4  
  19  1:30  Metabolic Boost  
  19  1:45  Baneling Nest  
  19  1:47  Zergling x2  
  18  2:08  Zergling x2  
  18  2:09  Zergling x4  
  21  2:28  Zergling x2  
  22  2:40  Overlord x2  
  22  2:58  Zergling x4  
  21  3:19  Baneling  
  17  3:24  Zergling x6  
  17  3:25  Zergling x2  
  20  3:42  Zergling x2  
  21  3:48  Baneling x3  
  21  3:49  Baneling  
  21  4:11  Hatchery  
  18  4:35  Drone x4  
  22  4:52  Queen  
  24  5:11  Drone x4  
  28  5:26  Drone  
  28  5:27  Drone x3  
  32  5:44  Drone x4  
  32  5:48  Lair  
  36  5:57  Overlord  
  36  5:59  Overlord  
  36  6:14  Queen  
  38  6:19  Overlord x2  
  38  6:21  Drone x3  
  40  6:38  Extractor  
  39  6:40  Extractor  
  39  6:42  Extractor  
  39  6:43  Zergling x16  
  38  7:16  Baneling  
  38  7:17  Baneling x4  
  38  7:25  Drone x10  
  48  7:32  Spire  
  47  7:49  Zergling x8  
  47  7:50  Overlord  
  51  8:08  Zergling x12  
  57  8:14  Hatchery  
  57  8:16  Drone  
  57  8:43  Mutalisk x8  
  73  9:08  Mutalisk  
  75  9:29  Mutalisk  
  75  9:30  Mutalisk x2  
  81  9:37  Overlord x7  
  75  10:19  Zergling x28  
  81  10:37  Centrifical Hooks  
  81  10:41  Infestation Pit  
  80  10:45  Baneling x12  
  80  10:53  Overseer  
  80  10:55  Evolution Chamber  
  79  10:59  Evolution Chamber  
  79  11:03  Drone  
  79  11:04  Drone x8  
  87  11:05  Queen  
  89  11:16  Drone x5  
  94  11:29  Baneling x9  
  94  11:32  Zergling x16  
  102  11:34  Overlord  
  102  11:37  Zerg Melee Weapons Level 1  
  102  11:39  Zerg Ground Armor Level 1  
  102  12:04  Hive  
  102  12:09  Zergling x2  
  102  12:10  Zergling x22  
  114  12:34  Extractor, Drone  
  114  12:35  Drone x5  
  114  12:36  Extractor  
  118  13:09  Overlord x3  
  109  13:52  Greater Spire  
  109  13:57  Zerg Melee Weapons Level 2  
  109  13:58  Zerg Ground Armor Level 2  
  109  14:03  Hatchery  
  109  14:05  Baneling  
  109  14:06  Baneling x11  
  109  14:07  Baneling x5  
  109  14:09  Zergling x22  
  123  14:10  Zergling x16  
  123  14:14  Corruptor  
  123  14:15  Corruptor x3  
  123  14:16  Corruptor  
  137  14:54  Hatchery  
  136  15:03  Brood Lord x5  
  136  15:28  Baneling x3  
  134  15:29  Baneling x3  
  134  15:31  Zergling x2  
  134  15:32  Zergling x2  
  134  15:33  Zergling x14  
  134  15:34  Zergling x28  
  134  15:35  Zergling x8  
  161  15:38  Overlord x4  
Tags
 
Add a new tag
Caveats
  • Supply blocks, unpowered buildings, or Contaminate may cause inaccurate times.
  • Supply counts are checked every 10 seconds.